 Dungeon Crawl Stone Soup version 0.27.1-33-g824d729ab1 (webtiles) character file.

Game seed: 12554106377133197107

9 garbled the Chopper (level 2, 22/27 HPs)
             Began as a Hill Orc Monk on Dec 8, 2021.
             Was a Believer of Okawaru.
             Quit the game on level 1 of the Dungeon.
             The game lasted 00:00:49 (198 turns).

garbled the Chopper (Hill Orc Monk)                  Turns: 198, Time: 00:00:50

Health: 22/27      AC:  2    Str: 13    XL:     2   Next: 12%
Magic:  2/2        EV: 12    Int: 10    God:    Okawaru [**....]
Gold:   0          SH:  0    Dex: 13    Spells: 1/1 levels left

rFire    . . .     SeeInvis .   a - +0 hand axe
rCold    . . .     Faith    .   (no shield)
rNeg     . . .     Spirit   .   b - +0 robe
rPois    .         Reflect  .   (no helmet)
rElec    .         Harm     .   (no cloak)
rCorr    .         Rampage  .   (no gloves)
Will     .....                  (no boots)
Stlth    ++........             (no amulet)
HPRegen  0.09/turn              (no ring)
MPRegen  0.08/turn              (no ring)

@: no status effects
A: no striking features
a: Renounce Religion, Heroism


You were on level 1 of the Dungeon.
You worshipped Okawaru.
Okawaru was pleased with you.
You visited 1 branch of the dungeon, and saw 1 of its levels.

Inventory:

Hand Weapons
 a - a +0 hand axe (weapon)
Armour
 b - a +0 robe (worn)
Scrolls
 c - 2 scrolls of vulnerability {unknown}


   Skills:
 + Level 3.9 Fighting
 * Level 4.5 Axes
 - Level 2.4 Dodging
 - Level 1.5 Stealth


You had one spell level left.
You didn't know any spells.
Your spell library was empty.

Dungeon Overview and Level Annotations

Branches:
Dungeon (1/15)

Altars:
Okawaru


Message History

An endoplasm comes into view.
The endoplasm quivers.
A bat and a hobgoblin come into view.
The endoplasm barely misses you.
You slash the endoplasm!
You kill the endoplasm!
The endoplasm quivers.
You hit the endoplasm but do no damage. The endoplasm barely misses you.
You hit the endoplasm.
The endoplasm is almost dead.
The bat misses you. The endoplasm misses you.
You hit the endoplasm.
You kill the endoplasm!
You barely miss the bat. The bat misses you. The bat barely misses you.
You have reached level 2!
You closely miss the bat. The bat barely misses you.
The bat hits you but does no damage.
You barely miss the bat. You hit the hobgoblin. The bat hits you.
The hobgoblin hits you.
You slash the hobgoblin!
You kill the hobgoblin!
The bat hits you.
A bat, an endoplasm and a giant cockroach come into view.
The bat closely misses you. The bat closely misses you.
You barely miss the bat. The bat hits you but does no damage.
You hit the bat but do no damage. The bat hits you. The bat barely misses you.
The bat closely misses you. The bat closely misses you.
Something hits the withered plant.
The bat barely misses you.
There is a faded altar of an unknown god here.
You cannot tell which god this altar belongs to.
Convert to them anyway?
Okay, then.
You cannot tell which god this altar belongs to.
Convert to them anyway?
Okawaru accepts your prayer! Okawaru welcomes you!
You can now gain great but temporary skills.
Okay, then.
Are you sure you want to abandon this character and quit the game? (Confirm with "yes".)

#J ........##
#.###.........
#............
###...........#
b..........♣♣B##
#........P.♣.#
#.......P♣..♣#.#
#.....†♣P@♣....#
#.....b..PP♣....
##.##.##....#..#
##.##..........##
#............... .#
#..##.##.#.#..####.#
######..##.##............
.....$.....##...)...# #.#
#####..###.##.......# #.#
.#


You could see a giant cockroach (asleep) and a bat.

Vanquished Creatures
  2 ball pythons (D:1)
  3 endoplasms (D:1)
  A hobgoblin (D:1)
  A kobold (D:1)
  A rat (D:1)
8 creatures vanquished.

Notes
Turn   | Place    | Note
-------+----------+-------------------------------------------
     0 | D:1      | garbled the Hill Orc Monk began the quest for the Orb.
     0 | D:1      | Reached XP level 1. HP: 19/19 MP: 1/1
   168 | D:1      | Found a faded altar of an unknown god.
   184 | D:1      | Reached XP level 2. HP: 27/27 MP: 2/2
   197 | D:1      | Became a worshipper of Warmaster Okawaru
   197 | D:1      | Reached * piety under Okawaru
   197 | D:1      | Reached ** piety under Okawaru
   198 | D:1      | Quit the game

Illustrated notes

Levels and vault maps discovered:
D:1:      psy_arrival_conway, layout_loops_ring,
          ebering_ecumenical_altar_petrified

Action                   || total
-------------------------++-------
Melee: Hand axe          ||    22
 Stab: Sleeping          ||     3
Armor: Robe              ||     3
Dodge: Dodged            ||    23
